 Dungeon Crawl Stone Soup version 0.27.1-3-gb3d3a73c9e (webtiles) character file.

Game seed: 13965250037813773480

15194 Gabide the Carver (level 11, -2/104 HPs)
             Began as a Red Draconian Chaos Knight on Oct 13, 2021.
             Was a Plaything of Xom.
             Slain by Donald (28 damage)
             ... on level 2 of the Orcish Mines.
             The game lasted 01:11:24 (9925 turns).

Gabide the Carver (Red Draconian Chaos Knight)      Turns: 9925, Time: 01:11:24

Health: -2/104     AC: 17    Str: 23    XL:     11   Next: 98%
Magic:  21/21      EV: 16    Int: 16    God:    Xom [.....*]
Gold:   601        SH:  6    Dex: 18    Spells: 11/21 levels left

rFire    + + +     SeeInvis +   e - +2 triple sword (holy)
rCold    . . .     Faith    .   (shield currently unavailable)
rNeg     . . .     Spirit   .   (armour unavailable)
rPois    .         Reflect  .   (helmet unavailable)
rElec    .         Harm     .   m - +2 cloak {rCorr}
rCorr    +         Rampage  .   p - +2 pair of gloves
Will     +....                  (no boots)
Stlth    ++........             y - amulet of Enyeni {rF++ Regen+ rCorr}
HPRegen  2.27/turn              d - +6 ring of dexterity
MPRegen  0.17/turn              C - +4 ring of protection

@: on berserk cooldown
A: breathe fire, AC +7, unfitting armour, fire resistance 1, cold-blooded, horns
3, stinger 1, talons 2, large bone plates 2, see invisible, agile 1, clever 2,
high mp 1, strong-willed 1, sense surroundings 1, regeneration 1, robust 1,
strong 2, wild magic 1, MP-powered wands
a: Breathe Fire, Renounce Religion


You were on level 2 of the Orcish Mines.
You worshipped Xom.
You were Xom's teddy bear.
You visited 2 branches of the dungeon, and saw 13 of its levels.
You also visited: Bailey.

You collected 601 gold pieces.

Inventory:

Hand Weapons
 a - a +1 falchion of chaos
 e - a +2 triple sword of holy wrath (weapon)
 f - a +0 battleaxe of freezing
 i - a +0 longbow of flaming
 s - the +5 spear of the King {freeze, rElec rPois}
   (You found it on level 10 of the Dungeon)

   It freezes those it strikes, dealing additional cold damage.
   It can also slow down cold-blooded creatures.
   rElec:     It insulates you from electricity.
   rPois:     It protects you from poison.
Armour
 m - a +2 cloak of preservation (worn)
 p - a +2 pair of gloves (worn)
Jewellery
 c - the ring of Tent {Dex+4 SInv}
   (You found it on level 10 of the Dungeon)

   [ring of see invisible]

   Dex:       It affects your dexterity (+4).
   SInv:      It lets you see invisible.
 d - a +6 ring of dexterity (left hand)
 g - a ring of fire
 k - an amulet of guardian spirit
 v - an amulet of faith
 y - the amulet of Enyeni (around neck) {rF++ Regen+ rCorr}
   (You acquired it in a bailey)

   [amulet of regeneration]

   rF:        It greatly protects you from fire.
   Regen:     It increases your rate of health regeneration.
   rCorr:     It protects you from acid and corrosion.
 C - a +4 ring of protection (right hand)
 I - a ring of flight
Wands
 o - a wand of flame (46)
 u - a wand of charming (1)
 J - a wand of mindburst (9)
Scrolls
 b - 2 scrolls of amnesia
 j - a scroll of noise
 D - a scroll of fog
 E - 2 scrolls of fear
 H - a scroll of brand weapon
 K - a scroll of identify
 L - a scroll of magic mapping
Potions
 h - 2 potions of curing
 l - 4 potions of brilliance
 n - 2 potions of cancellation
 r - 2 potions of lignification
 t - 4 potions of might
 w - a potion of resistance {unknown}
 x - 2 potions of mutation
 B - a potion of ambrosia {unknown}
 F - a potion of haste
Miscellaneous
 z - a piece from Xom's chessboard (15/15)


   Skills:
 + Level 8.4 Fighting
 * Level 13.2 Long Blades
 + Level 7.1 Dodging
 * Level 5.7 Unarmed Combat
 * Level 5.6 Spellcasting
 * Level 5.3 Translocations
 - Level 1.2 Evocations


You had 11 spell levels left.
You knew the following spells:

 Your Spells              Type           Power      Damage    Failure   Level
a - Blink                 Tloc           N/A        N/A       4%          2
b - Lesser Beckoning      Tloc           14%        N/A       8%          3
c - Manifold Assault      Tloc           28%        N/A       50%         5

Your spell library contained the following spells:

 Spells                   Type           Power      Damage    Failure   Level
 Corona                   Hex            5%         N/A       21%         1
 Ensorcelled Hibernation  Hex/Ice        10%        N/A       30%         2
 Tukima's Dance           Hex            5%         N/A       47%         3
 Petrify                  Tmut/Erth      5%         N/A       86%         4
 Metabolic Englaciation   Hex/Ice        2%         N/A       99%         5
 Statue Form              Tmut/Erth      3%         N/A       100%        6


Dungeon Overview and Level Annotations

Branches:
Dungeon (11/15)              Lair (0/6) D:8             Orc (2/2) D:11
 Bailey (visited)
 Temple: D:4-7          Elf: Orc:2

Altars:
Ashenzari
Fedhas
Hepliaklqana
Qazlal
Ru
Trog
Uskayaw
Vehumet
Wu Jian
Xom
The Shining One

Shops:
D:7 (

Annotations:
Orc:2 Donald


Innate Abilities, Weirdness & Mutations

You can breathe blasts of fire.
Your fiery red scales are hard. (AC +7)
You cannot fit into any form of body armour.
Your flesh is heat resistant. (rF+)
You are cold-blooded and may be slowed by cold attacks.
You have a pair of large horns on your head.
Your tail ends in a poisonous barb.
You have razor-sharp toenails.
You are mostly covered in large bone plates. (SH +6)
You have supernaturally acute eyesight. (SInv)
You are agile. (Dex +2)
Your mind is very acute. (Int +4)
You have an increased reservoir of magic. (+10% MP)
You are strong-willed. (Will+)
You passively map a small area around you.
Your natural rate of healing is unusually fast.
You are robust. (+10% HP)
Your muscles are very strong. (Str +4)
Your spells are a little harder to cast, but a little more powerful.
You expend magic power (3 MP) to strengthen your wands.


Message History

The orc wizard closely misses you.
Snorg bites Donald!
Snorg claws Donald but does no damage.
Snorg barely misses Donald.
Donald says, "What do they mine anyway?
I've never seen them mine anything."
Donald hits Snorg with a +1 double sword of protection!
The orc wizard hits your hellwing with a +0 dagger.
Donald blocks Snorg's attack.
Snorg claws Donald.
Snorg claws Donald but does no damage.
Your magical effects are unravelling.
You feel magically purged.
You feel yourself speed up.
Donald hits Snorg with a +1 double sword of protection!
The orc wizard hits you but does no damage.
Donald blocks Snorg's attack.
Snorg claws Donald.
Donald blocks Snorg's attack.
The orc wizard gestures at you while chanting.
The magic dart hits you.
Donald hits Snorg with a +1 double sword of protection!!
The orc wizard hits your hellwing but does no damage.
Snorg bites Donald!
Donald blocks Snorg's attack. x2
Your hellwing hits the orc wizard. x2
You shred the net and break free! "Just a minor improvement..."
Donald says, "Xom just doesn't make any sense.
I hate that."
Donald hits Snorg with a +1 double sword of protection!!
Snorg dies!
The orc wizard hits you but does no damage.
Your hellwing hits the orc wizard!
The orc wizard dies!
Donald hits your butterfly with a +1 double sword of protection!!
Your butterfly dies!
Donald shouts!
You slash Donald! You claw Donald, but do no damage. Donald blocks your attack.
Donald is almost dead.
You have got your breath back.
Donald hits you with a +1 double sword of protection!
* * * LOW HITPOINT WARNING * * *
The orc wizard points at you and mumbles some strange words.
The puff of flame hits you but does no damage.
Donald says, "I think I hate rivers, but I can't remember why."
Donald hits you with a +1 double sword of protection!!
You die...

..............$ ,
,,................
, ...<...$...$....
, .......○.......#
, ...))....b..#...
....)........... ,
* .....bb........$
, ,
...b.bo@4b......
^....b.@........
,^ ,
......bbbbb..... ,
, .##.b...........
#.....b.......,
...............
................,
, * *,
,.##..)$......#$.
, * , #.........##
, *


You could see Donald (fast, strong, ally target), an orc wizard and a friendly
hellwing (summoned).

Vanquished Creatures
  An emperor scorpion (Orc:1)
  An ogre mage (D:10)
  A centaur warrior (D:10)
  Erica (D:9)
  A two-headed ogre (D:10)
  2 orc high priests
  A skeletal warrior (D:10)
  Pikel (D:7)
  A centaur zombie (D:11)
  Maggie (D:9)
  Psyche (D:8)
  A tengu conjurer (D:10)
  4 trolls (D:11)
  2 wyverns
  14 yaks
  Edmund (D:5)
  19 orc warriors
  2 ice beasts
  3 ogres (D:5)
  3 centaurs (D:9)
  2 lemures (D:7)
  3 kobold brigands
  A gnoll sergeant (D:8)
  A wyvern skeleton (D:7)
  4 killer bees (D:11)
  4 howler monkeys
  A bullfrog zombie (D:7)
  2 hounds
  5 orc priests
  4 orc wizards
  A killer bee zombie (D:8)
  Robin (D:2)
  22 gnolls
  10 adders
  A shadow imp (D:5)
  A white imp (D:8)
  An adder zombie (D:5)
  2 worms
  4 dart slugs
  46 orcs
  9 endoplasms
  3 giant cockroaches
  32 goblins
  22 hobgoblins
  2 jackals (D:2)
  6 quokkas
  10 ball pythons
  4 bats
  4 frilled lizards
  26 kobolds
  4 rats
299 creatures vanquished.

Vanquished Creatures (collateral kills)
  Harold (D:8)
  A two-headed ogre (D:7)
  3 orc warriors
  4 orc wizards (Orc:2)
  3 orcs
12 creatures vanquished.

Vanquished Creatures (others)
  Snorg (Orc:2)
  2 orc warriors
  A gnoll (Bailey)
  An orc (Orc:2)
  4 fungi (D:2)
  12 plants (D:2)
21 creatures vanquished.

Grand Total: 332 creatures vanquished

Notes
Turn   | Place    | Note
-------+----------+-------------------------------------------
     0 | D:1      | Gabide the Draconian Chaos Knight began the quest for the
                  | Orb.
     0 | D:1      | Reached XP level 1. HP: 19/19 MP: 1/1
   169 | D:1      | XOM: silly message
   361 | D:1      | Reached XP level 2. HP: 25/26 MP: 2/2
   842 | D:1      | XOM: give mutations
   842 | D:1      | Gained mutation: You expend magic power (3 MP) to
                  | strengthen your wands. [Xom's grace]
   842 | D:1      | Gained mutation: Your muscles are strong. (Str +2) [Xom's
                  | grace]
   842 | D:1      | Gained mutation: Your tail ends in a poisonous barb. [Xom's
                  | grace]
  1135 | D:1      | XOM: give mutation
  1135 | D:1      | Gained mutation: You have a pair of small horns on your
                  | head. [Xom's grace]
  1205 | D:1      | Reached XP level 3. HP: 33/33 MP: 3/3
  1291 | D:1      | XOM: scenery: summon butterflies
  1314 | D:1      | XOM: give mutations
  1314 | D:1      | Gained mutation: You have sharp toenails. [Xom's grace]
  1314 | D:1      | Gained mutation: You are agile. (Dex +2) [Xom's grace]
  1541 | D:2      | Noticed Robin
  1564 | D:2      | XOM: smoke on damage
  1574 | D:2      | Killed Robin
  1575 | D:2      | Reached skill level 4 in Long Blades
  1737 | D:2      | XOM: cloud trail
  1766 | D:2      | XOM: scenery: 2 doors open
  1863 | D:2      | XOM: 4-stop teleportation journey
  1874 | D:2      | XOM: give mutations
  1874 | D:2      | Gained mutation: You have a pair of horns on your head.
                  | [Xom's grace]
  1874 | D:2      | Gained mutation: Your mind is acute. (Int +2) [Xom's grace]
  1874 | D:2      | Gained mutation: You have a pair of large horns on your
                  | head. [Xom's grace]
  1882 | D:2      | Reached XP level 4. HP: 40/40 MP: 4/4
  1890 | D:2      | Found a radiant altar of Vehumet.
  1934 | D:2      | XOM: chaos cloud
  1936 | D:2      | Reached skill level 1 in Unarmed Combat
  2256 | D:2      | Reached XP level 5. HP: 47/47 MP: 5/5
  2545 | D:2      | XOM: god gift: pink potion {god gift}
  2657 | D:2      | Found a faded altar of an unknown god.
  2781 | D:2      | XOM: 3-stop teleportation journey
  2878 | D:3      | XOM: torment (25/47 hp)
  3061 | D:3      | XOM: enchant monster (good)
  3221 | D:3      | Found a broken altar of Ashenzari.
  3270 | D:3      | XOM: give mutations
  3270 | D:3      | Gained mutation: Your mind is very acute. (Int +4) [Xom's
                  | grace]
  3270 | D:3      | Gained mutation: Your muscles are very strong. (Str +4)
                  | [Xom's grace]
  3284 | D:3      | XOM: 3-stop teleportation journey
  3288 | D:3      | XOM: cloud trail
  3319 | D:3      | XOM: scenery: summon butterflies
  3586 | D:3      | XOM: cloud trail
  3608 | D:3      | XOM: scenery: create altars
  3728 | D:3      | XOM: give mutations
  3728 | D:3      | Gained mutation: Your flesh is heat resistant. (rF+) [Xom's
                  | grace]
  3728 | D:3      | Gained mutation: You are strong-willed. (Will+) [Xom's
                  | grace]
  3953 | D:4      | Found a bloodstained altar of Trog.
  4045 | D:4      | Found a stormy altar of Qazlal.
  4046 | D:4      | Noticed a water elemental
  4048 | D:4      | Noticed a fire elemental
  4048 | D:4      | Noticed an air elemental
  4137 | D:4      | XOM: cloud trail
  4171 | D:4      | XOM: god gift: glowing cloak {god gift}
  4192 | D:4      | Reached skill level 5 in Long Blades
  4232 | D:4      | Found a sacrificial altar of Ru.
  4248 | D:4      | XOM: 3-stop teleportation journey
  4373 | D:4      | Reached XP level 6. HP: 44/53 MP: 4/6
  4574 | D:4      | XOM: give mutations
  4574 | D:4      | Gained mutation: You are partially covered in large bone
                  | plates. (SH +4) [Xom's grace]
  4574 | D:4      | Gained mutation: You have razor-sharp toenails. [Xom's
                  | grace]
  4574 | D:4      | Gained mutation: You are very agile. (Dex +4) [Xom's grace]
  4811 | D:5      | Entered Level 5 of the Dungeon
  4816 | D:5      | XOM: cloud trail
  4823 | D:5      | XOM: destruction
  5028 | D:5      | XOM: god gift: dyed leather armour {god gift}
  5233 | D:5      | Reached skill level 5 in Fighting
  5425 | D:5      | Reached skill level 6 in Long Blades
  5425 | D:5      | Reached skill level 1 in Evocations
  5425 | D:5      | Your scales start taking on a fiery red colour.
  5425 | D:5      | Reached XP level 7. HP: 51/61 MP: 4/7
  5425 | D:5      | Mutation became permanent: Your flesh is heat resistant.
                  | (rF+) [Red Draconian growth]
  5425 | D:5      | Gained mutation: Your flesh is heat resistant. (rF+) [Red
                  | Draconian growth]
  5478 | D:5      | Noticed Edmund
  5483 | D:5      | XOM: give mutations
  5483 | D:5      | Gained mutation: Your natural rate of healing is unusually
                  | fast. [Xom's grace]
  5483 | D:5      | Gained mutation: You are robust. (+10% HP) [Xom's grace]
  5483 | D:5      | Gained mutation: You have supernaturally acute eyesight.
                  | (SInv) [Xom's grace]
  5483 | D:5      | Gained mutation: You evolve. [Xom's grace]
  5485 | D:5      | Killed Edmund
  5591 | D:5      | Reached skill level 1 in Spellcasting
  5604 | D:5      | Lost mutation: You are very agile. (Dex +4) [evolution]
  5998 | D:6      | XOM: give mutation
  5998 | D:6      | Gained mutation: You have claws for feet. [Xom's grace]
  6018 | D:7      | Found a hide-covered altar of Uskayaw.
  6072 | D:7      | Noticed a two-headed ogre
  6074 | D:7      | XOM: summons 3 friendly demons
  6076 | D:7      | Killed a two-headed ogre
  6077 | D:7      | Reached skill level 7 in Long Blades
  6077 | D:7      | Reached XP level 8. HP: 77/77 MP: 5/11
  6155 | D:7      | Noticed Pikel
  6161 | D:7      | XOM: god gift: wand of charming (11)
  6171 | D:7      | Killed Pikel
  6195 | D:7      | Found Polaom's Weapon Shop.
  6278 | D:7      | Learned a level 2 spell: Blink
  6282 | D:7      | Learned a level 3 spell: Lesser Beckoning
  6323 | D:7      | Found a flagged portal.
  6329 | D:7      | Reached skill level 8 in Long Blades
  6355 | Bailey   | Entered a bailey
  6370 | Bailey   | Reached skill level 5 in Dodging
  6370 | Bailey   | Reached XP level 9. HP: 82/82 MP: 13/13
  6459 | Bailey   | XOM: god gift: scroll of enchant armour
  6476 | Bailey   | XOM: divination: magic mapping
  6481 | Bailey   | Reached skill level 1 in Translocations
  6543 | Bailey   | XOM: silly message
  6583 | Bailey   | XOM: potion effect (might)
  6584 | Bailey   | XOM: potion effect (haste)
  6588 | Bailey   | XOM: cast spell 'Call Canine Familiar'
  6679 | Bailey   | XOM: confuse monster(s)
  6707 | Bailey   | Noticed an orc knight
  6707 | Bailey   | Noticed an orc warlord
  6738 | Bailey   | XOM: confuse monster(s)
  6899 | Bailey   | Acquired a +1 triple sword of holy wrath
  6900 | Bailey   | Acquired the amulet of Enyeni {rF++ Regen+ rCorr}
  6906 | Bailey   | XOM: divination: detect creatures
  6910 | Bailey   | XOM: fog
  6916 | Bailey   | XOM: cast spell 'Monstrous Menagerie'
  6942 | Bailey   | XOM: cloud trail
  6971 | Bailey   | XOM: give mutations
  6971 | Bailey   | Gained mutation: Your spells are a little harder to cast,
                  | but a little more powerful. [Xom's grace]
  6971 | Bailey   | Gained mutation: You passively map a small area around you.
                  | [Xom's grace]
  7023 | Bailey   | XOM: scenery: 1 fountains blood, 1 doors close
  7026 | Bailey   | XOM: scenery: 1 doors open
  7028 | Bailey   | XOM: scenery: 1 doors close
  7086 | D:8      | Noticed Psyche
  7090 | D:8      | Killed Psyche
  7091 | D:8      | Reached skill level 9 in Long Blades
  7098 | D:8      | Learned a level 5 spell: Manifold Assault
  7106 | D:8      | Noticed Harold
  7108 | D:8      | XOM: summons 2 friendly demons
  7115 | D:8      | Killed Harold
  7116 | D:8      | Reached XP level 10. HP: 77/94 MP: 14/16
  7222 | D:8      | Found an ornate altar of the Wu Jian Council.
  7259 | D:8      | XOM: scenery: create altars
  7314 | D:8      | XOM: cast spell 'Monstrous Menagerie'
  7324 | D:8      | XOM: give mutation
  7324 | D:8      | Lost mutation: You have claws for feet. [Xom's mischief]
  7334 | D:8      | Found a staircase to the Lair.
  7354 | D:8      | XOM: cleaving
  7393 | D:8      | Found a blossoming altar of Fedhas.
  7426 | D:8      | Found a radiant altar of Vehumet.
  7431 | D:8      | XOM: summons 2 friendly demons
  7589 | D:8      | XOM: enchant monster (good)
  7598 | D:8      | Reached skill level 10 in Long Blades
  7721 | D:9      | XOM: stealth player
  7852 | D:9      | Noticed Maggie
  7857 | D:9      | Killed Maggie
  8008 | D:9      | XOM: enchant monster (good)
  8038 | D:9      | Gained mutation: You are mostly covered in large bone
                  | plates. (SH +6) [evolution]
  8045 | D:9      | Noticed Erica
  8057 | D:9      | Killed Erica
  8071 | D:9      | Reached skill level 11 in Long Blades
  8204 | D:10     | Entered Level 10 of the Dungeon
  8221 | D:10     | XOM: scenery: 1 doors close
  8346 | D:10     | Noticed a two-headed ogre
  8346 | D:10     | XOM: summons friendly crimson imp
  8350 | D:10     | XOM: butterfly on damage
  8353 | D:10     | Killed a two-headed ogre
  8354 | D:10     | Reached XP level 11. HP: 45/102 MP: 18/18
  8398 | D:10     | Noticed an ogre mage
  8402 | D:10     | XOM: confuse monster(s)
  8406 | D:10     | Killed an ogre mage
  8407 | D:10     | Reached skill level 5 in Spellcasting
  8459 | D:10     | Noticed a centaur warrior
  8469 | D:10     | Killed a centaur warrior
  8484 | D:10     | Noticed a skeletal warrior
  8490 | D:10     | Killed a skeletal warrior
  8491 | D:10     | Reached skill level 12 in Long Blades
  8491 | D:10     | Reached skill level 5 in Unarmed Combat
  8500 | D:10     | Identified the ring of Tent {Dex+4 SInv}
  8502 | D:10     | Identified the +5 spear of the King {freeze, rElec rPois}
  8561 | D:10     | Gained mutation: You have an increased reservoir of magic.
                  | (+10% MP) [evolution]
  8561 | D:10     | Lost mutation: You evolve. [end of evolution]
  8617 | D:10     | Found a hazy altar of Hepliaklqana.
  8639 | D:10     | XOM: 2-stop teleportation journey
  8897 | D:11     | XOM: enchant monster (good)
  9262 | D:11     | Found a staircase to the Orcish Mines.
  9357 | D:11     | Found a glowing golden altar of the Shining One.
  9421 | D:11     | XOM: confuse monster(s)
  9534 | Orc:1    | Entered Level 1 of the Orcish Mines
  9534 | Orc:1    | Noticed an orc high priest
  9534 | Orc:1    | Noticed an orc high priest
  9539 | Orc:1    | Noticed a sun demon
  9575 | Orc:1    | XOM: scenery: summon butterflies
  9577 | Orc:1    | Killed an orc high priest
  9578 | Orc:1    | Reached skill level 5 in Translocations
  9589 | D:11     | Noticed a sixfirhy
  9589 | D:11     | Noticed a sun demon
  9589 | D:11     | Killed an orc high priest
  9774 | Orc:2    | Entered Level 2 of the Orcish Mines
  9774 | Orc:2    | Noticed Snorg
  9785 | Orc:1    | Reached skill level 13 in Long Blades
  9895 | Orc:2    | Noticed an orc warlord
  9895 | Orc:2    | XOM: fog
  9897 | Orc:1    | XOM: potion effect (berserk rage)
  9905 | Orc:2    | Noticed Donald
  9908 | Orc:1    | Noticed an emperor scorpion
  9908 | Orc:1    | an orc warlord changed into an emperor scorpion
  9908 | Orc:1    | XOM: polymorph orc warlord -> emperor scorpion
  9914 | Orc:1    | Killed an emperor scorpion
  9918 | Orc:2    | XOM: cast spell 'Discord'
  9922 | Orc:2    | XOM: summons friendly hellwing
  9924 | Orc:2    | XOM: scenery: summon butterflies
  9924 | Orc:2    | Killed Snorg
  9925 | Orc:2    | Slain by Donald

Illustrated notes

Levels and vault maps discovered:
D:1:      wheals_arrival_linesprint, layout_basic
D:2:      layout_loops_corners, shapermc_ecumenical_altar_hornbeckon,
          basic_altar, minmay_tetromino_l2, uniq_robin
D:3:      layout_basic, ashenzari_conservatory_becter, kennysheep_small_spiral
D:4:      layout_basic, trog_butcher_becter, nicolae_ru_awakened_eye,
          nicolae_qazlal_style_of_elements
D:5:      layout_basic, minmay_misc_feat_enclosed, mrwooster_statue_mirror,
          serial_park_tiny_1, uniq_edmund
D:6:      lemuel_insect_pit, layout_basic, uniq_eustachio
D:7:      layout_rooms, mainiacjoe_overflow_brackets,
          mainiacjoe_overflow_surrounded_room, minmay_temple_entry_purple_smoke,
          enter_bailey_6, serial_shops, nicolae_shop_crystal, uniq_pikel
D:8:      layout_loops_ring, nicolae_overflow_crystal_walls, pf_just_have_faith,
          mainiacjoe_overflow_tiny_flanked, lair_entry_dummy, uniq_psyche,
          uniq_harold
D:9:      layout_basic, uniq_maggie, uniq_erica
D:10:     layout_roguey, worldfamousw_hep_ancestral_shrine,
          minmay_diamond_spiral
D:11:     layout_irregular_city, hiddenorc1_lemuel, tso_altar
Orc:1:    layout_caves, basic_altar, serial_shops, nicolae_shop_stone
Orc:2:    kennysheep_orc_mage_school, layout_caves, uniq_donald, uniq_snorg

Skill      XL: |  1  2  3  4  5  6  7  8  9 10 11 |
---------------+----------------------------------+-----
Fighting       | 4 5 6 7 8 |  8.4
Long Blades    | 4 5 6 7 8 9 11 13 | 13.2
Unarmed Combat | 1 2 3 4 5 |  5.7
Dodging        | 3 4 5 6 7 |  7.1
Evocations     | 1 |  1.2
Spellcasting   | 2 4 5 |  5.6
Translocations | 3 4 5 |  5.3

Action                   |  1- 3 |  4- 6 |  7- 9 | 10-12 || total
-------------------------+-------+-------+-------+-------++-------
Melee: Falchion          |    92 |   119 |   111 |       ||   322
       Tailslap          |     9 |    13 |    25 |    46 ||    93
       Kick              |     8 |    44 |    54 |    90 ||   196
       Headbutt          |     3 |    29 |    31 |    74 ||   137
       Punch             |       |     2 |     1 |       ||     3
       Triple sword      |       |       |    11 |   206 ||   217
Throw: Throwing net      |       |       |       |     3 ||     3
 Abil: Breathe Fire      |       |       |    12 |     6 ||    18
Evoke: Wand              |       |     6 |    18 |     3 ||    27
  Use: Scroll            |     4 |     6 |    10 |    10 ||    30
       Potion            |       |       |     4 |     3 ||     7
 Stab: Sleeping          |     1 |     5 |     1 |       ||     7
       Confused          |       |       |     3 |     1 ||     4
       Petrified         |       |       |       |     3 ||     3
       Distracted        |       |       |       |     1 ||     1
Armor: Skin              |    26 |    30 |    23 |   102 ||   181
Dodge: Dodged            |    64 |    55 |    61 |   222 ||   402
Block: Other             |       |     4 |    21 |    76 ||   101
       Rpst.: Falchion   |    18 |    12 |    17 |       ||    47
       Triple sword      |       |       |     1 |    55 ||    56
